Workbook

Sheet Información
A1: INFORMACIÓN GENERAL
A2: Proceso Licitatorio | B2: No. LP 01
A3: Objeto | B3: klaldsjfdjdjdjh
A4: Presupuesto oficial | B4: 843884918 | D4: =+B4*0.1 -> 84388492
A5: Plazo (meses) M1
A6: Apertura del proceso
A7: Cierre del Proceso | B7: 45531
A9: REQUISITOS FINANCIEROS HABILITANTES
A10: Liquidez Activo corriente/Pasivo Corriente ≥ 1.25 | B10: 1.1
A11: Nivel de endeudamiento Pasivo Total/Activo Total ≤ 0.73 | B11: 0.73 | D11: ENDEUDA
A12: Razón coBertura de intereses Utilidad operacional/gastos de intereses ≥ 1 | B12: 0
A13: Capital de trabajo M1 CT = AC - PC ≥ 10% PO | B13: =ROUNDUP(B4*0.1,0) -> 84388492
A15: REQUISITOS ORGANIZACIONALES HABILITANTES
A16: Rentabilidad del patrimonio (ROE) Utilidad operacional/Patrimonio ≥ 0% | B16: 0.0002
A17: Rentabilidad del activo (ROA) Utilidad operacional/Activo total ≥ 0% | B17: 0.0004
A19: CRITERIOS DE COMPARACION Y CALIFICACIÓN DE LAS PROPUESTAS | C19: 1 Y 2 | D19: 3 Y 4 | E19: 5 Y 6
A20: Presupuesto Oficial SMMLV M1 | B20: =+B4/1300000 -> 649.14224 | C20: =B20*0.75 -> 486.85668 | D20: =B20*1.2 -> 778.97069 | E20: =B20*1.5 -> 973.71337
C22: =+C20*0.4 -> 194.74267 | D22: =+D20*0.4 -> 311.58828 | E22: =+E20*0.4 -> 389.48535

Sheet Cierre
A1: No. | B1: PROPONENTE | C1: REPRESENTANTE LEGAL | D1: CONFORMACION CONSORCIO | E1: % | F1: M1 | G1: M2 | H1: M3 | I1: M4 | J1: M5 | K1: M6 | M1: Abogados | N1: Financieros | O1: Técnicos
A2: 1 | B2: BULLISH CONSTRUCCIONES E INGENIERÍA SAS | C2: FABIÁN ANDRÉS VALENCIA GIRALDO | E2: 1 | F2: X | G2: X | H2: X | I2: X | J2: X | K2: X | M2: LFT | N2: DDG | O2: CDT
A4: 2 | B4: UNIÓN TEMPORAL MANIZALES 2021 | C4: LEONARDO ANDRES TRIGOS IBAÑEZ | D4: CODENCO | E4: 0.95 | F4: X | G4: X | H4: X | I4: X | J4: X | K4: X | M4: LFT | N4: DDG | O4: CDT
D5: THECNOCONSTRUCCIONES SAS | E5: 0.05
A6: 3 | B6: CONSORCIO IP MANIZALES | C6: LUIS FERNANDO LEGUIZAMO | D6: INGEACER SAS | E6: 0.95 | F6: X | G6: X | H6: X | I6: X | J6: X | K6: X | M6: LFT | N6: DDG | O6: CDT
D7: PRIMAVERA SAS | E7: 0.05
A8: 4 | B8: UT MANIZALES 2021 | C8: CARLOS HUMBERTO MANTILLA MONTAÑEZ | D8: CHMM INGENIERIA S.A.S. | E8: 0.9 | F8: X | G8: X | H8: X | I8: X | J8: X | K8: X | M8: LFT | N8: DDG | O8: CDT
D9: CARLOS HUMBERTO MANTILLA MONTAÑEZ | E9: 0.1
A10: 5 | B10: INGENIERIA VOLQUETAS Y CONSTRUCCIONES - INGEVOLCO SAS | C10: JUAN FELIPE DELGADO VALBUENA | E10: 1 | F10: X | G10: X | H10: X | I10: X | J10: X | K10: X | M10: LFT | N10: DDG | O10: CDT
A12: 6 | B12: CESAR AUGUSTO GIRALDO ATEHORTUA | C12: CESAR AUGUSTO GIRALDO ATEHORTUA | E12: 1 | F12: X | G12: X | H12: X | I12: X | J12: X | K12: X | M12: LFT | N12: DDG | O12: CDT
A13: 7 | B13: CONSORCIO LM MANIZALES | C13: OSCAR JAVIER MARTINEZ GIL | D13: OSCAR JAVIER MARTINEZ GIL | E13: 0.05 | F13: X | G13: X | H13: X | I13: X | J13: X | K13: X | M13: LFT | N13: DDG | O13: CDT
D14: ASOINGENIERIA DEL ORIENTE S.A.S | E14: 0.95
A15: 8 | B15: SYC – S.A.S. | C15: JORGE ALIRIO SILVA LÓPEZ | D15: JORGE ALIRIO SILVA LOPEZ | E15: 1 | F15: X | G15: X | H15: X | I15: X | J15: X | K15: X | M15: LFT | N15: DDG | O15: CDT
A17: 9 | B17: CONCRE ACERO SAS | C17: JUAN MANUEL FRANCO YEPES | D17: JUAN MANUEL FRANCO YEPES | E17: 1 | F17: X | G17: X | H17: X | I17: X | J17: X | K17: X | M17: LFT | N17: DDG | O17: CDT
A19: 10 | B19: JAIME ALBERTO OSORIO | C19: JAIME ALBERTO OSORIO GIL | E19: 1 | F19: X | G19: X | H19: X | I19: X | J19: X | K19: X | M19: LFT | N19: DDG | O19: CDT
A20: 11 | B20: SOCOCIL S.A.S. | C20: ANDRÉS FELIPE RAVE ARANGO | E20: 1 | J20: X | K20: X | M20: LFT | N20: DDG | O20: CDT
A22: 12 | B22: MONTAJES DE MARCA S.A. | C22: MIGUEL ANGEL RUIZ CANO | E22: 1 | G22: X | M22: LFT | N22: DDG | O22: CDT
A23: 13 | B23: CONSORCIO ARES | C23: ANGEL OSWALDO ZAPATA CARDENAS | D23: ANGEL OSWALDO ZAPATA CARDENAS | E23: 0.95 | F23: X | G23: X | H23: X | I23: X | J23: X | K23: X | M23: LFT | N23: DDG | O23: CDT
D24: ALQUIMAC INGENIERIA SAS | E24: 0.05
A26: 14 | B26: CONSORCIO COING | C26: JONNY ALEXANDER HERNÁNDEZ RODRÍGUEZ | D26: INDESCO | E26: 0.8 | F26: X | G26: X | H26: X | I26: X | J26: X | K26: X | M26: LFT | N26: DDG | O26: CDT
D27: CODENCO | E27: 0.2
A28: 15 | B28: DIEGO LEON MARTINEZ GOMEZ | C28: DIEGO LEON MARTINEZ GOMEZ | E28: 1 | F28: X | G28: X | H28: X | I28: X | J28: X | K28: X | M28: LFT | N28: DDG | O28: CDT
A29: 16 | B29: CONSTRUCTORA POLIOBRAS | C29: AUGUSTO MORENO MURCIA | E29: 1 | F29: X | G29: X | H29: X | I29: X | J29: X | K29: X | M29: LFT | N29: DDG | O29: CDT
A30: 17 | B30: CONSORCIO VN | C30: RUBEN ANTONO NARANJO BONILLA | D30: RUBEN ANTONO NARANJO BONILLA | E30: 0.5 | F30: X | G30: X | H30: X | I30: X | J30: X | K30: X | M30: LFT | N30: DDG | O30: CDT
D31: HECTOR FABIO VALENCIA QUINTERO | E31: 0.5
A32: 18 | B32: CONSORCIO OMEGA | C32: JUAN CARLOS DE LOS RIOS PINEDA | D32: JUAN CARLOS DE LOS RIOS PINEDA | E32: 0.95 | F32: X | G32: X | H32: X | I32: X | J32: X | K32: X | M32: LFT | N32: DDG | O32: CDT
D33: CONSTRUCTORA 3D SAS | E33: 0.05
A34: 19 | B34: ALVARO AGUIRRE MARIN | C34: ALVARO AGUIRRE MARIN | E34: 1 | F34: X | G34: X | H34: X | I34: X | J34: X | K34: X | M34: LFT | N34: DDG | O34: CDT
A35: 20 | B35: CONSORCIO ESTADIO 21 | C35: HECTOR MARIO SOTO BETANCOURTH | D35: HECTOR MARIO SOTO BETANCOURTH | E35: 0.5 | F35: X | G35: X | H35: X | I35: X | J35: X | K35: X | M35: LFT | N35: DDG | O35: CDT
D36: BEATRIZ HEANO CARMONA | E36: 0.5
A37: 21 | B37: GERMÁN SALAZAR MEJÍA | C37: GERMÁN SALAZAR MEJÍA | E37: 1 | F37: X | G37: X | H37: X | I37: X | J37: X | K37: X | M37: LFT | N37: DDG | O37: CDT
A38: 22 | B38: CONSORCIO MANIZALES GP1 | C38: OSCAR ENRIQUE NUÑEZ ORTEGON | D38: GP CONSTRUCCIONES SAS | E38: 0.05 | F38: X | G38: X | H38: X | I38: X | J38: X | K38: X | M38: LFT | N38: DDG | O38: CDT
D39: GP1 GROUP | E39: 0.95
A40: 23 | B40: LUIS MITON ORTIZ VERGEL | C40: LUIS MITON ORTIZ VERGEL | E40: 1 | F40: X | G40: X | H40: X | I40: X | J40: X | K40: X | M40: LFT | N40: DDG | O40: CDT
A41: 24 | B41: INGENIERIA CIVIL Y GEODESIA SAS – INCIGE SAS | C41: CESAR ARNULFO PICO HERNANDEZ | E41: 1 | F41: X | G41: X | H41: X | I41: X | J41: X | K41: X | M41: LFT | N41: DDG | O41: CDT
A42: 25 | B42: JULIO CESAR SALGADO GALEANO | C42: JULIO CESAR SALGADO GALEANO | E42: 1 | F42: X | G42: X | H42: X | I42: X | J42: X | K42: X | M42: LFT | N42: DDG | O42: CDT
A43: 26 | B43: CONSORCIO J-INGENIEROS PROSPERIDAD | C43: JOSE GABRIEL VARGAS CARVAJAL | D43: VINCOL S.A.S. | E43: 0.05 | F43: X | G43: X | H43: X | I43: X | J43: X | K43: X | M43: LFT | N43: DDG | O43: CDT
D44: JOSE GABRIEL VARGAS CARVAJAL | E44: 0.95
A45: 27 | B45: COINOC S.A.S. | C45: EDWIN HERNANDO TRIGOS QUINTANA | E45: 1 | F45: X | G45: X | H45: X | I45: X | J45: X | K45: X | M45: LFT | N45: DDG | O45: CDT
A46: 28 | B46: CONSORCIO EP MANIZALES | C46: ROGELIO ARDILA TORRES | D46: BUSINESS MILLENIUM GROUP S.A.S. | E46: 0.95 | F46: X | G46: X | H46: X | I46: X | J46: X | K46: X
D47: DARCA INGENIEROS ASOCIADOS DE COLOMBIA S.A.S | E47: 0.05
A48: 29 | B48: NILDO PEDRAZA PEDRAZA | C48: NILDO PEDRAZA PEDRAZA | E48: 1 | F48: X | H48: X | K48: X
A49: 30 | B49: FEDERICO ESTRADA JARAMILLO | C49: FEDERICO ESTRADA JARAMILLO | E49: 1 | I49: X
A50: 31 | B50: RICAURTE VALENCIA GÓMEZ | C50: RICAURTE VALENCIA GÓMEZ | E50: 1 | I50: X
A51: 32 | B51: JAIRO ANTONIO OSSA LOPEZ | C51: JAIRO ANTONIO OSSA LOPEZ | E51: 1 | F51: X | G51: X | H51: X | I51: X | J51: X | K51: X
A52: 33 | B52: GENERADORA DE PROYECTOS DE PUERTOS ARQUITECTURA Y VIAS SAS | C52: JOSE ANTONIO SENEJOA NUÑEZ | E52: 1 | F52: X | G52: X | H52: X | I52: X | J52: X | K52: X
A53: 34 | B53: CONSORCIO EJE CAFETERO | C53: JOSÉ MANUEL RENDÓN ARIAS | D53: OBDI S.A.S. | E53: 0.05 | F53: X | G53: X | H53: X | I53: X | J53: X | K53: X
D54: JOSÉ MARIO GIRALDO ENCISO | E54: 0.95
A55: 35 | B55: CONSORCIO INGEPROYECT MANIZALES | C55: NELSON IDARRAGA SÁNCHEZ | D55: NELSON IDARRAGA SÁNCHEZ | E55: 0.5 | F55: X | G55: X | H55: X | I55: X | J55: X | K55: X
D56: NELSON ANDRÉS IDARRAGA VANEGAS | E56: 0.5
A57: 36 | B57: JOHN ESNEIDER CARDONA GUTIERREZ | C57: JOHN ESNEIDER CARDONA GUTIERREZ | E57: 1 | F57: X | G57: X | H57: X | I57: X | J57: X | K57: X
A58: 37 | B58: CONSORCIO ZAINCO BULEVAR MANIZALES | C58: JOSUE ZAPATA OROZCO | D58: JOSUE ZAPATA OROZCO | E58: 0.34 | F58: X | G58: X | H58: X | I58: X | J58: X | K58: X
D59: ZAINCO EJE CAFETERO SAS | E59: 0.33
D60: GONZALO ALBERTO TORO ARDILA | E60: 0.33
A61: 38 | B61: CONSTRUCCIONES DEL ESTADO INGENIERIA S.A.S | C61: SEPULVEDA VERGEL NIXON YAIR | E61: 1 | F61: X | G61: X | H61: X
A62: 39 | B62: AC2R INGENIERIA Y PROYECTOS S.A.S | C62: CAMILO ANDRÉS ROSARIO RUBIO | E62: 1 | F62: X | H62: X | J62: X
A63: 40 | B63: CONSORCIO BULEVAR MANIZALES 2021 | C63: JUAN CARLOS VILLADA CASTILLO | D63: JUAN CARLOS VILLADA CASTILLO | E63: 0.34 | F63: X | G63: X | H63: X | I63: X | J63: X | K63: X | M63: LFT | N63: DDG | O63: CDT
D64: CARLOS AUGUSTO RESTREPO SALAZAR | E64: 0.33
D65: SEBASTIAN CASTILLO TORO | E65: 0.33
A66: 41 | B66: CONSORCIO AG3 - CALDAS | C66: AURELIO GUTIERREZ CASTILLO | D66: AURELIO GUTIERREZ CASTILLO | E66: 0.95 | F66: X | G66: X | H66: X | M66: LFT | N66: DDG | O66: CDT
D67: AG3 INGENIERIA SAS | E67: 0.05
A68: 42 | B68: IVÁN ECHEVERRI OSORIO | E68: 1 | F68: X | G68: X | H68: X | I68: X | J68: X | K68: X | M68: LFT | N68: DDG | O68: CDT
A69: 43 | B69: URIBE ARQUITECTOS CONSTRUCTORES UAC SAS | C69: CARLOS MIGUEL URIBE BAUTISTA | E69: 1 | F69: X | G69: X | H69: X | I69: X | J69: X | K69: X | M69: LFT | N69: DDG | O69: CDT
A70: 44 | B70: LR AMBIENTAL S.A.S, | C70: HERNAN CAÑAS ORTIZ | E70: 1 | F70: X | G70: X | H70: X | I70: X | J70: X | K70: X
A71: 45 | B71: VIACOL INGENIEROS CONTRATISTAS SAS | C71: RAGDE JOANN PEREZ VELASCO | E71: 1 | F71: X | G71: X | H71: X | I71: X | J71: X | K71: X | M71: LFT | N71: DDG | O71: CDT
A72: 46 | B72: JAVIER DE JESUS GARCIA PAREJA | C72: JAVIER DE JESUS GARCIA PAREJA | E72: 1 | F72: X | G72: X | H72: X | I72: X | J72: X | K72: X | M72: LFT | N72: DDG | O72: CDT
A73: 47 | B73: VÍAS Y CANALES S.A.S | C73: DIEGO MAURICIO GALÁN ECHEVERRI | E73: 1 | F73: X | G73: X | H73: X | I73: X | J73: X | K73: X
A74: 48 | B74: PROFESIONALES ASOCIADOS LTDA | C74: JUAN MANUEL PERDOMO BONILLA | E74: 1 | F74: X | G74: X | H74: X | I74: X | J74: X | K74: X
A75: 49 | B75: LUIS GUILLERMO CARDENAS SANDOVAL | E75: 1 | F75: X | G75: X | H75: X | I75: X | J75: X | K75: X
A76: 50 | B76: GRANCONSTRUCTORA SAS | C76: LUZ MIREYA LOZANO M. | E76: 1 | F76: X | G76: X | H76: X | I76: X | J76: X | K76: X
A77: 51 | B77: CONSORCIO GIRALDO ASOCIADOS | C77: JOSÉ ALBER GIRALDO HENAO | D77: JOSÉ ALBER GIRALDO HENAO | E77: 0.5 | F77: X | G77: X | H77: X | M77: LFT | N77: DDG | O77: CDT
D78: HÉCTOR JAIME GIRALDO JARAMILLO | E78: 0.5
A79: 52 | B79: BROKA CONSTRUCCIONES E INTERVENTORIAS S.A.S | C79: HERNAN JULIO BARRIOS CASTILLO | E79: 1 | F79: X | G79: X
A80: 53 | B80: MAURICIO ANTONIO CORTES REINA | E80: 1 | F80: X | G80: X | H80: X | I80: X | J80: X | K80: X
A81: 54 | B81: JORGE HERNAN GUTIERREZ RIVERA | C81: JORGE HERNAN GUTIERREZ RIVERA | E81: 1 | I81: X | J81: X
A82: 55 | B82: GV GARCÍA VILLA INGENIEROS S.A.S. | C82: OTTO HARRY GARCÍA ZAMUDIO | E82: 1 | F82: X | G82: X | H82: X | I82: X | J82: X | K82: X
A83: 56 | B83: CONSORCIO MILGUI | C83: MILTON RICARDO HERRERA POSADA | D83: MILTON RICARDO HERRERA POSADA | E83: 0.5 | F83: X | G83: X | H83: X | I83: X | J83: X | K83: X
D84: GUILLERMO BURGOS GRILLO | E84: 0.5 | G84: X | H84: X | I84: X | J84: X | K84: X
A85: 57 | B85: CONSORCIO BULEVAR MANIZALES | C85: JAVIER MUÑOZ JARAMILLO | D85: JAVIER MUÑOZ JARAMILLO | E85: 0.4 | F85: X | G85: X | H85: X | I85: X | J85: X | K85: X
D86: RICARDO ALBERTO GOMEZ C | E86: 0.4
D87: JOSE GILBERTO CRIOLLO CALDERON | E87: 0.2
A88: 58 | B88: CONSORCIO BULEVAR RG | C88: MARIA AMERICA GARCIA PRIETO | D88: MARIA AMERICA GARCIA PRIETO | E88: 0.5 | F88: X | G88: X | H88: X | I88: X | J88: X | K88: X
D89: NESTOR RAMIREZ CUARTAS | E89: 0.5
A90: 59 | B90: CONSORCIO SANTA MARTA 21 | C90: JULIAN ANDRES SANTANA LEON | D90: PAVIMENTOS TECNICOS Y CIA LTDA | E90: 0.5 | F90: X | G90: X | H90: X | I90: X | J90: X | K90: X
D91: AREAS CIVILES Y CONSTRUCCIONES LTDA | E91: 0.5
A92: 60 | B92: ALFONSO PARRA DE LOS RIOS | E92: 1 | F92: X | G92: X | H92: X | I92: X | J92: X | K92: X
A93: 61 | B93: CONSORCIO CALDAS | C93: DIANASTEFANÍAPARRABOHÓRQUEZ | D93: ALDAVA INGENIERÍA S.A.S. | E93: 0.7 | F93: X | G93: X | H93: X | I93: X | J93: X | K93: X
D94: CASIMIRO RODRIGUEZ CHINCHIA | E94: 0.3
A95: 62 | B95: CONSORCIO BULEVAR CONDICO | C95: JORGE ANDRÉS GIRALDO GARCÉS | D95: TODICO S.A.S | E95: 0.9 | F95: X | G95: X | H95: X | I95: X | J95: X | K95: X
D96: CONMEZCLAS S.A | E96: 0.1 | F96: X | G96: X | H96: X | I96: X | J96: X | K96: X
A97: 63 | B97: OBRAS Y PROYECTOS MJ SAS | C97: LUIS FELIPE RUIZ PIEDRAHITA | E97: 1 | F97: X | G97: X | H97: X | I97: X | J97: X | K97: X
A98: 64 | B98: CONCRECIVIL S.A. | C98: IVAN DARIO ORTIZ HINCAPIE | E98: 1 | F98: X | G98: X | H98: X | I98: X | J98: X | K98: X | M98: LFT | N98: DDG | O98: CDT
A99: 65 | B99: IES INGENIEROS S A S | C99: OSCAR RENAN VELASQUEZ VIYOGA | E99: 1 | F99: x | G99: x | H99: x | I99: x | J99: x | K99: x | M99: LFT | N99: DDG | O99: CDT
A100: 66 | B100: CONSORCIO IPC MANIZALES 2021 | C100: YELMAN YOHANI HERNANDEZ ROJAS | D100: INGPROCIVILES SAS | E100: 0.99 | F100: x | G100: x | H100: x | I100: x | J100: x | K100: x | M100: LFT | N100: DDG | O100: CDT
D101: HR INGENIERÍA SAS | E101: 0.01
A102: 67 | B102: JUAN CARLOS BRICEÑO CHAVES | C102: JUAN CARLOS BRICEÑO CHAVES | E102: 1 | F102: x | M102: LFT | N102: DDG | O102: CDT
A103: 68 | B103: CONSORCIO RJ8 2 | C103: CARLOS FERNANADO JAIMES OCHOA | D103: R3 CONSTRUCTORES Y CONSULTORES SAS | E103: 0.95 | F103: x | G103: x | H103: x | I103: x | J103: x | K103: x | M103: LFT | N103: DDG | O103: CDT
D104: GRUPO J8 SAS | E104: 0.05
A105: 69 | B105: CONSORCIO LA LEYENDA | C105: AQUILINO ALFONSO MURGAS CASTANEDA | D105: MURGAS & MURGAS ASOCIADOS SAS | E105: 0.5 | I105: x | J105: x | K105: x | M105: LFT | N105: DDG | O105: CDT
D106: BORNACELLI Y ASOCIADOS SAS | E106: 0.5
...

Sheet Capacidad Juridica
A1: No. | B1: PROPONENTE | C1: CARTA PRESENTACIÓN | I1: CONFORMACIÓN CONSORCIAL | N1: CERTIFICADO DE EXISTENCIA Y REPRESENTACIÓN LEGAL | V1: CERTIFICADO DE INSCRIPCIÓN EN EL REGISTRO UNICO DE PROPONENTES (RUP) | AA1: GARANTIA DE SERIEDAD DE LA OFERTA | AF1: OTROS DOCUMENTOS | AQ1: HABIL / NO HABIL / SUBSANAR | AR1: OBSERVACIONES
C2: PRESENTA | D2: REPRESENTANTE LEGAL | E2: INGENIERO QUE AVALA LA PROPUESTA (Nombre) Si es el mismo representante legal, repetir nombre | F2: MATRICULA PROFESIONAL (No. de la Tarjeta) | G2: CERTIFICADO (Presenta/no presenta) | H2: VIGENCIA CERTIFICADO (Fecha Expedición) | I2: PRESENTA (SI/NO) | J2: TIPO (C/UT/I) | K2: DURACION (CUMPLE / NO CUMPLE) | L2: NOMBRE | M2: % PARTICIPACIÓN | N2: PRESENTA (SI/NO) | O2: FECHA DE EXPEDICIÓN | P2: DOMICILIO (Ciudad) | Q2: OBJETO SOCIAL | R2: DURACIÓN DE LA SOCIEDAD | S2: REPRESENTANTE LEGAL | T2: LIMITACIONES AL REPRESENTANTE LEGAL | U2: AUTORIZACIÓN DEL ORGANO SOCIAL | V2: PRESENTA (SI/NO) | W2: FECHA DE EXPEDICIÓN (dd/mm/aaaa) | X2: SANCIONES CONSIGNADAS EN EL RUP | Y2: RENOVADO | Z2: FIRMEZA RUP | AA2: FORMATO A FAVOR DE ENTIDADES ESTATALES | AB2: TOMADOR | AC2: VIGENCIA (HASTA) (DD/MM/AAAA) | AD2: VALOR ($) | AE2: BENEFICIARIO GOBERNACIÓN | AF2: CERTIFICADO DE ANTECEDENTES FISCALES DE LA CONTRALORIA GENERAL DE LA REPUBLICA | AG2: CERTIFICADO DE ANTECEDENTES DISCIPLINARIOS DE LA PROCURADURIA GENERAL DE LA NACION | AH2: CERTIFICADO DE ANTECEDENTES JUDICIALES | AI2: CERTIFICADO DE MEDIDAS CORRECTIVAS | AJ2: CERTIFICACIÓN DE PAGOS DE SEGURIDAD SOCIAL Y APORTES PARAFISCALES | AK2: PACTO DE TRASPARENCIA | AL2: CEDULA PROPONENTE | AM2: TARJETA PROFESIONAL | AN2: COPNIA | AO2: COPIA TARJETA PROFESIONAL CONTADOR O REVISOR FISCAL | AP2: ANTECEDENTES DISCIPLINARIOS JCC
A3: 1 | B3: =VLOOKUP($A3,Cierre!$A:$E,2,FALSE) -> BULLISH CONSTRUCCIONES E INGENIERÍA SAS | D3: =VLOOKUP($A3,Cierre!$A:$E,3,FALSE) -> FABIÁN ANDRÉS VALENCIA GIRALDO | L3: CRHISTIAN COLLAZOS SANDOVAL | M3: 0.5
L4: IVAN ECHEVERRY OSORIO | M4: 0.5
A5: 2 | B5: =VLOOKUP($A5,Cierre!$A:$E,2,FALSE) -> UNIÓN TEMPORAL MANIZALES 2021 | D5: =VLOOKUP($A5,Cierre!$A:$E,3,FALSE) -> LEONARDO ANDRES TRIGOS IBAÑEZ | L5: DYNAMICS CONSTRUCCIONES SAS | M5: 0.89
L6: CONSTRUCTORES E INGENIEROS UNIDOS SAS | M6: 0.11
A7: 3 | B7: =VLOOKUP($A7,Cierre!$A:$E,2,FALSE) -> CONSORCIO IP MANIZALES | D7: =VLOOKUP($A7,Cierre!$A:$E,3,FALSE) -> LUIS FERNANDO LEGUIZAMO | L7: GRUPO QUIMBAYA SAS | M7: 0.5
L8: FABIAN VIVI MORALES | M8: 0.5
A9: 4 | B9: =VLOOKUP($A9,Cierre!$A:$E,2,FALSE) -> UT MANIZALES 2021 | D9: =VLOOKUP($A9,Cierre!$A:$E,3,FALSE) -> CARLOS HUMBERTO MANTILLA MONTAÑEZ | L9: CDC PRO SAS | M9: 0.5
L10: AC2R INGENIERIA Y PROYECTOS SAS | M10: 0.5
A11: 5 | B11: =VLOOKUP($A11,Cierre!$A:$E,2,FALSE) -> INGENIERIA VOLQUETAS Y CONSTRUCCIONES - INGEVOLCO SAS | D11: =VLOOKUP($A11,Cierre!$A:$E,3,FALSE) -> JUAN FELIPE DELGADO VALBUENA | L11: INGECAR SA | M11: 0.99
L12: LUIS ALBERTO BELTRAN BECERRA | M12: 0.01
A13: 6 | B13: =VLOOKUP($A13,Cierre!$A:$E,2,FALSE) -> CESAR AUGUSTO GIRALDO ATEHORTUA | D13: =VLOOKUP($A13,Cierre!$A:$E,3,FALSE) -> CESAR AUGUSTO GIRALDO ATEHORTUA | M13: 1
A14: 7 | B14: =VLOOKUP($A14,Cierre!$A:$E,2,FALSE) -> CONSORCIO LM MANIZALES | D14: =VLOOKUP($A14,Cierre!$A:$E,3,FALSE) -> OSCAR JAVIER MARTINEZ GIL | L14: HERNAN ROPERO ALZATE | M14: 0.5
L15: LUIS GUILERMO CARDENAS SANDOVAL | M15: 0.5
A16: 8 | B16: =VLOOKUP($A16,Cierre!$A:$E,2,FALSE) -> SYC – S.A.S. | D16: =VLOOKUP($A16,Cierre!$A:$E,3,FALSE) -> JORGE ALIRIO SILVA LÓPEZ | L16: INCIVILPRO SAS | M16: 0.5
L17: ECON INGENIERIA SAS | M17: 0.5
A18: 9 | B18: =VLOOKUP($A18,Cierre!$A:$E,2,FALSE) -> CONCRE ACERO SAS | D18: =VLOOKUP($A18,Cierre!$A:$E,3,FALSE) -> JUAN MANUEL FRANCO YEPES | M18: 1
A19: 10 | B19: =VLOOKUP($A19,Cierre!$A:$E,2,FALSE) -> JAIME ALBERTO OSORIO | D19: =VLOOKUP($A19,Cierre!$A:$E,3,FALSE) -> JAIME ALBERTO OSORIO GIL | L19: R&J INGENIERIA SAS | M19: 0.5
L20: MIGUEL ROBLES SAS | M20: 0.5
A21: 11 | B21: =VLOOKUP($A21,Cierre!$A:$E,2,FALSE) -> SOCOCIL S.A.S. | D21: =VLOOKUP($A21,Cierre!$A:$E,3,FALSE) -> ANDRÉS FELIPE RAVE ARANGO | M21: 1
A22: 12 | B22: =VLOOKUP($A22,Cierre!$A:$E,2,FALSE) -> MONTAJES DE MARCA S.A. | D22: =VLOOKUP($A22,Cierre!$A:$E,3,FALSE) -> MIGUEL ANGEL RUIZ CANO | L22: ANDREA ISABEL CAMELO VASQUEZ | M22: 0.8
L23: SOLIDEZ E INGENIERIA | M23: 0.2
A24: 13 | B24: =VLOOKUP($A24,Cierre!$A:$E,2,FALSE) -> CONSORCIO ARES | D24: =VLOOKUP($A24,Cierre!$A:$E,3,FALSE) -> ANGEL OSWALDO ZAPATA CARDENAS | L24: JOSE EDMUNDO ROSERO ORTIZ | M24: 0.3
L25: JD PROYECTOS E INGENIERIA SAS | M25: 0.35
L26: JAVIER EDUARDO CORAL ROSERO | M26: 0.35
A27: 14 | B27: =VLOOKUP($A27,Cierre!$A:$E,2,FALSE) -> CONSORCIO COING | D27: =VLOOKUP($A27,Cierre!$A:$E,3,FALSE) -> JONNY ALEXANDER HERNÁNDEZ RODRÍGUEZ | M27: 1
A28: 15 | B28: =VLOOKUP($A28,Cierre!$A:$E,2,FALSE) -> DIEGO LEON MARTINEZ GOMEZ | D28: =VLOOKUP($A28,Cierre!$A:$E,3,FALSE) -> DIEGO LEON MARTINEZ GOMEZ | L28: PROTECO INGENIERIA SAS | M28: 0.4
L29: ICPT CONSTRUCCIÒN SAS | M29: 0.6
A30: 16 | B30: =VLOOKUP($A30,Cierre!$A:$E,2,FALSE) -> CONSTRUCTORA POLIOBRAS | D30: =VLOOKUP($A30,Cierre!$A:$E,3,FALSE) -> AUGUSTO MORENO MURCIA | L30: GASVIAL GV SAS | M30: 0.3
L31: ZEAR INGENIERIA SAS | M31: 0.7
A32: 17 | B32: =VLOOKUP($A32,Cierre!$A:$E,2,FALSE) -> CONSORCIO VN | D32: =VLOOKUP($A32,Cierre!$A:$E,3,FALSE) -> RUBEN ANTONO NARANJO BONILLA | M32: 1
A33: 18 | B33: =VLOOKUP($A33,Cierre!$A:$E,2,FALSE) -> CONSORCIO OMEGA | D33: =VLOOKUP($A33,Cierre!$A:$E,3,FALSE) -> JUAN CARLOS DE LOS RIOS PINEDA | L33: PEDRO HERNANDO ESCUCHA BARRAGAN | M33: 0.1
L34: PE & H PROYECTOS - CONSTRUCCIONES - INGENIERIA & MINERIA SAS | M34: 0.45
L35: INCA SAS | M35: 0.45
A36: 19 | B36: =VLOOKUP($A36,Cierre!$A:$E,2,FALSE) -> ALVARO AGUIRRE MARIN | D36: =VLOOKUP($A36,Cierre!$A:$E,3,FALSE) -> ALVARO AGUIRRE MARIN | L36: INFRAESTRUCTURA Y VIAS SAS | M36: 0.5
L37: PROMAQCO SAS | M37: 0.5
A38: 20 | B38: =VLOOKUP($A38,Cierre!$A:$E,2,FALSE) -> CONSORCIO ESTADIO 21 | D38: =VLOOKUP($A38,Cierre!$A:$E,3,FALSE) -> HECTOR MARIO SOTO BETANCOURTH | M38: 1
A39: 21 | B39: =VLOOKUP($A39,Cierre!$A:$E,2,FALSE) -> GERMÁN SALAZAR MEJÍA | D39: =VLOOKUP($A39,Cierre!$A:$E,3,FALSE) -> GERMÁN SALAZAR MEJÍA | L39: EMPROYCON SAS | M39: 0.4
L40: SYG SAS | M40: 0.6
A41: 22 | B41: =VLOOKUP($A41,Cierre!$A:$E,2,FALSE) -> CONSORCIO MANIZALES GP1 | D41: =VLOOKUP($A41,Cierre!$A:$E,3,FALSE) -> OSCAR ENRIQUE NUÑEZ ORTEGON | L41: DAMACA INGENIERIA SAS | M41: 0.7
L42: CESAR AUGUSTO TABARES RAMIREZ | M42: 0.3
A43: 23 | B43: =VLOOKUP($A43,Cierre!$A:$E,2,FALSE) -> LUIS MITON ORTIZ VERGEL | D43: =VLOOKUP($A43,Cierre!$A:$E,3,FALSE) -> LUIS MITON ORTIZ VERGEL | L43: INGECL CONSTRUCCIONES SAS | M43: 0.5
L44: INCIVIAS SAS | M44: 0.5
A45: 24 | B45: =VLOOKUP($A45,Cierre!$A:$E,2,FALSE) -> INGENIERIA CIVIL Y GEODESIA SAS – INCIGE SAS | D45: =VLOOKUP($A45,Cierre!$A:$E,3,FALSE) -> CESAR ARNULFO PICO HERNANDEZ | L45: PHVA CONSTRUCTORES SAS | M45: 0.5
L46: 3G INGENIERIA AVANZADA SAS | M46: 0.5
A47: 25 | B47: =VLOOKUP($A47,Cierre!$A:$E,2,FALSE) -> JULIO CESAR SALGADO GALEANO | D47: =VLOOKUP($A47,Cierre!$A:$E,3,FALSE) -> JULIO CESAR SALGADO GALEANO | L47: LILIANA GOMEZ CANO | M47: 0.51
L48: HUGO RODOLFO MEJIA MONTES | M48: 0.49
A49: 26 | B49: =VLOOKUP($A49,Cierre!$A:$E,2,FALSE) -> CONSORCIO J-INGENIEROS PROSPERIDAD | D49: =VLOOKUP($A49,Cierre!$A:$E,3,FALSE) -> JOSE GABRIEL VARGAS CARVAJAL | L49: DEIVIS ANTONIO PEREZ SERPA | M49: 0.3
L50: ABELARDO JULIO PEREZ SERPA | M50: 0.7
A51: 27 | B51: =VLOOKUP($A51,Cierre!$A:$E,2,FALSE) -> COINOC S.A.S. | D51: =VLOOKUP($A51,Cierre!$A:$E,3,FALSE) -> EDWIN HERNANDO TRIGOS QUINTANA | L51: GCS CONSTRUCTORES SAS | M51: 0.5
L52: GONZALO CENTENO CENTENO | M52: 0.5
A53: 28 | B53: =VLOOKUP($A53,Cierre!$A:$E,2,FALSE) -> CONSORCIO EP MANIZALES | D53: =VLOOKUP($A53,Cierre!$A:$E,3,FALSE) -> ROGELIO ARDILA TORRES | L53: WILSON EFREN SALAZAR WILCHES | M53: 0.25
L54: EDBIN GUILLERMO ÁVILA FONSECA | M54: 0.01
L55: WES CONSTRUCCIONES SAS | M55: 0.74
A56: 29 | B56: =VLOOKUP($A56,Cierre!$A:$E,2,FALSE) -> NILDO PEDRAZA PEDRAZA | D56: =VLOOKUP($A56,Cierre!$A:$E,3,FALSE) -> NILDO PEDRAZA PEDRAZA | L56: CONSTRUCTORA INGEVISA SAS | M56: 0.25
L57: EPSILON INGENIERIA Y DESARROLLO SAS | M57: 0.75
A58: 30 | B58: =VLOOKUP($A58,Cierre!$A:$E,2,FALSE) -> FEDERICO ESTRADA JARAMILLO | D58: =VLOOKUP($A58,Cierre!$A:$E,3,FALSE) -> FEDERICO ESTRADA JARAMILLO | M58: 1
A59: 31 | B59: =VLOOKUP($A59,Cierre!$A:$E,2,FALSE) -> RICAURTE VALENCIA GÓMEZ | D59: =VLOOKUP($A59,Cierre!$A:$E,3,FALSE) -> RICAURTE VALENCIA GÓMEZ | L59: ISAIAS VARGAS GONZALEZ | M59: 0.75
L60: V&M INGENIERIA SAS | M60: 0.25
A61: 32 | B61: =VLOOKUP($A61,Cierre!$A:$E,2,FALSE) -> JAIRO ANTONIO OSSA LOPEZ | D61: =VLOOKUP($A61,Cierre!$A:$E,3,FALSE) -> JAIRO ANTONIO OSSA LOPEZ | L61: CONTECOR S.A.S | M61: 0.6
L62: J.R. FONSECA INGENIERIA S.A.S. | M62: 0.4
A63: 33 | B63: =VLOOKUP($A63,Cierre!$A:$E,2,FALSE) -> GENERADORA DE PROYECTOS DE PUERTOS ARQUITECTURA Y VIAS SAS | D63: =VLOOKUP($A63,Cierre!$A:$E,3,FALSE) -> JOSE ANTONIO SENEJOA NUÑEZ | L63: CARLOS ALBERTO CEBALLOS CIFUENTES | M63: 0.5
L64: ALVARO JARAMILLO SIERRA | M64: 0.5
A65: 34 | B65: =VLOOKUP($A65,Cierre!$A:$E,2,FALSE) -> CONSORCIO EJE CAFETERO | D65: =VLOOKUP($A65,Cierre!$A:$E,3,FALSE) -> JOSÉ MANUEL RENDÓN ARIAS | L65: JHOANY ALEXANDER TOBON MUÑOZ | M65: 0.49
L66: ADRIANA CADENA MUÑOZ | M66: 0.51
A67: 35 | B67: =VLOOKUP($A67,Cierre!$A:$E,2,FALSE) -> CONSORCIO INGEPROYECT MANIZALES | D67: =VLOOKUP($A67,Cierre!$A:$E,3,FALSE) -> NELSON IDARRAGA SÁNCHEZ | L67: JHON KEVIN DAZA ARIAS | M67: 0.5
L68: INACON SAS | M68: 0.5
A69: 36 | B69: =VLOOKUP($A69,Cierre!$A:$E,2,FALSE) -> JOHN ESNEIDER CARDONA GUTIERREZ | D69: =VLOOKUP($A69,Cierre!$A:$E,3,FALSE) -> JOHN ESNEIDER CARDONA GUTIERREZ | L69: EVERTH QUINTERO PINEDA | M69: 0.5
L70: CONSTRUCTORA CIVILCOL | M70: 0.5
A71: 37 | B71: =VLOOKUP($A71,Cierre!$A:$E,2,FALSE) -> CONSORCIO ZAINCO BULEVAR MANIZALES | D71: =VLOOKUP($A71,Cierre!$A:$E,3,FALSE) -> JOSUE ZAPATA OROZCO | L71: PROCIVIN SAS | M71: 0.5
L72: PRONACON SAS | M72: 0.5
A73: 38 | B73: =VLOOKUP($A73,Cierre!$A:$E,2,FALSE) -> CONSTRUCCIONES DEL ESTADO INGENIERIA S.A.S | D73: =VLOOKUP($A73,Cierre!$A:$E,3,FALSE) -> SEPULVEDA VERGEL NIXON YAIR | M73: 1
A74: 39 | B74: =VLOOKUP($A74,Cierre!$A:$E,2,FALSE) -> AC2R INGENIERIA Y PROYECTOS S.A.S | D74: =VLOOKUP($A74,Cierre!$A:$E,3,FALSE) -> CAMILO ANDRÉS ROSARIO RUBIO | L74: GUSTAVO ADOLFO AGUDELO LOPEZ | M74: 0.55
L75: CONECTA INGENIERIA SAS | M75: 0.45
A76: 40 | B76: =VLOOKUP($A76,Cierre!$A:$E,2,FALSE) -> CONSORCIO BULEVAR MANIZALES 2021 | D76: =VLOOKUP($A76,Cierre!$A:$E,3,FALSE) -> JUAN CARLOS VILLADA CASTILLO | M76: 1
A77: 41 | B77: =VLOOKUP($A77,Cierre!$A:$E,2,FALSE) -> CONSORCIO AG3 - CALDAS | D77: =VLOOKUP($A77,Cierre!$A:$E,3,FALSE) -> AURELIO GUTIERREZ CASTILLO | M77: 1
A78: 42 | B78: =VLOOKUP($A78,Cierre!$A:$E,2,FALSE) -> IVÁN ECHEVERRI OSORIO | D78: =VLOOKUP($A78,Cierre!$A:$E,3,FALSE) | L78: HECTOR FABIO VALENCIA QUINTERO | M78: 0.5
L79: CARLOS ALBERTO MATEUS ZULUAGA | M79: 0.5
A80: 43 | B80: =VLOOKUP($A80,Cierre!$A:$E,2,FALSE) -> URIBE ARQUITECTOS CONSTRUCTORES UAC SAS | D80: =VLOOKUP($A80,Cierre!$A:$E,3,FALSE) -> CARLOS MIGUEL URIBE BAUTISTA | M80: 1
A81: 44 | B81: =VLOOKUP($A81,Cierre!$A:$E,2,FALSE) -> LR AMBIENTAL S.A.S, | D81: =VLOOKUP($A81,Cierre!$A:$E,3,FALSE) -> HERNAN CAÑAS ORTIZ | L81: VIMOS CONSTRUCCIONES SAS | M81: 0.6
L82: PROYECTOS Y DESARROLLO DE COLOMBIA SAS | M82: 0.4
A83: 45 | B83: =VLOOKUP($A83,Cierre!$A:$E,2,FALSE) -> VIACOL INGENIEROS CONTRATISTAS SAS | D83: =VLOOKUP($A83,Cierre!$A:$E,3,FALSE) -> RAGDE JOANN PEREZ VELASCO | L83: JULIAN ANDRES GIRALDO GALVIS | M83: 0.8
L84: MARIO ALBERTO GIRALDO DIAZ | M84: 0.2
A85: 46 | B85: =VLOOKUP($A85,Cierre!$A:$E,2,FALSE) -> JAVIER DE JESUS GARCIA PAREJA | D85: =VLOOKUP($A85,Cierre!$A:$E,3,FALSE) -> JAVIER DE JESUS GARCIA PAREJA | L85: RHINO INFRAESTRUCTURA SAS | M85: 0.75
L86: RENOSTER SAS | M86: 0.25
A87: 47 | B87: =VLOOKUP($A87,Cierre!$A:$E,2,FALSE) -> VÍAS Y CANALES S.A.S | D87: =VLOOKUP($A87,Cierre!$A:$E,3,FALSE) -> DIEGO MAURICIO GALÁN ECHEVERRI | M87: 1
A88: 48 | B88: =VLOOKUP($A88,Cierre!$A:$E,2,FALSE) -> PROFESIONALES ASOCIADOS LTDA | D88: =VLOOKUP($A88,Cierre!$A:$E,3,FALSE) -> JUAN MANUEL PERDOMO BONILLA | M88: 1
A89: 49 | B89: =VLOOKUP($A89,Cierre!$A:$E,2,FALSE) -> LUIS GUILLERMO CARDENAS SANDOVAL | D89: =VLOOKUP($A89,Cierre!$A:$E,3,FALSE) | L89: NIÑO CAINA CONSTRUCCIONES SA | M89: 0.5
L90: FREDY GIOVANNI NIÑO SUESCA | M90: 0.5
A91: 50 | B91: =VLOOKUP($A91,Cierre!$A:$E,2,FALSE) -> GRANCONSTRUCTORA SAS | D91: =VLOOKUP($A91,Cierre!$A:$E,3,FALSE) -> LUZ MIREYA LOZANO M. | L91: JUAN CARLOS VILLADA CASTILLO | M91: 0.34
L92: CARLOS AUGUSTO RESTREPO SALAZAR | M92: 0.33
L93: CARLOS ALFONSO LOPEZ PEÑA | M93: 0.33
A94: 51 | B94: =VLOOKUP($A94,Cierre!$A:$E,2,FALSE) -> CONSORCIO GIRALDO ASOCIADOS | D94: =VLOOKUP($A94,Cierre!$A:$E,3,FALSE) -> JOSÉ ALBER GIRALDO HENAO | L94: GERMAN TORRES SALGADO | M94: 0.3
L95: GTS CONSTRUCCIONES SAS | M95: 0.7
A96: 52 | B96: =VLOOKUP($A96,Cierre!$A:$E,2,FALSE) -> BROKA CONSTRUCCIONES E INTERVENTORIAS S.A.S | D96: =VLOOKUP($A96,Cierre!$A:$E,3,FALSE) -> HERNAN JULIO BARRIOS CASTILLO | L96: RAFAEL GUILLERMO NUÑEZ EMILIANI | M96: 0.6
L97: JUAN JOSE DE JESUS BAUTISTA CARDUSS | M97: 0.4
A98: 53 | B98: =VLOOKUP($A98,Cierre!$A:$E,2,FALSE) -> MAURICIO ANTONIO CORTES REINA | D98: =VLOOKUP($A98,Cierre!$A:$E,3,FALSE) | L98: CONSTRUCTORA PAIS SAS | M98: 0.9
L99: RAFAEL ANTONIO ROBAYO CASALLAS | M99: 0.1
A100: 54 | B100: =VLOOKUP($A100,Cierre!$A:$E,2,FALSE) -> JORGE HERNAN GUTIERREZ RIVERA | D100: =VLOOKUP($A100,Cierre!$A:$E,3,FALSE) -> JORGE HERNAN GUTIERREZ RIVERA | M100: 1
...

Sheet Capacidad Financiera CONTRATO  
A1: No. | B1: Proponente | C1: Conformación consorcial | D1: % participación | E1: Informacion Financiera | K1: CAPACIDAD FINANCIERA | P1: CAPACIDAD ORGANIZACIONAL | R1: CAPACIDAD FINANCIERA | S1: CAPACIDAD ORGANIZACIONAL | T1: CAPACIDAD RESIDUAL DE CONTRATACIÓN | U1: Observaciones | W1: Balance - Estado de resultado integral firmado por contador , representante legal y revisor fiscal | X1: Dictamen de revisor fiscal | Y1: Tarjeta profesional Contador O revisor fiscal | Z1: Antecedentes disciplinarios (Junta Contadores) contador y revisor fiscal
E2: Activo Corriente | F2: Activo Total | G2: Pasivo Corriente | H2: Pasivo Total | I2: Utilidad operacional | J2: Gastos de intereses | K2: CAPITAL DE TRABAJO | L2: LIQUIDEZ | M2: NIVEL DE ENDEUDAMIENTO | N2: RAZON DE COBERTURA DE INTERESES | O2: PATRIMONIO | P2: RENTABILIDAD SOBRE PATRIMONIO | Q2: RENTABILIDAD SOBRE ACTIVOS
A3: 1 | B3: CORPORACION CONSTRUYENDO FUTURO | E3: 61731819 | F3: 63049937 | G3: 0 | H3: 0 | I3: 39888000 | J3: 0 | K3: =($E3-$G3) -> 61731819 | L3: INDETERMINADO | M3: =IFERROR(((H3))/((F3)),0) -> 0 | N3: INDETERMINADO | O3: =F3-H3 -> 63049937 | P3: =IFERROR(((I3))/((O3)),0) -> 0.63264139 | Q3: =IFERROR(((I3))/((F3)),0) -> 0.63264139 | R3: HÁBIL | S3: HÁBIL | T3: HÁBIL | U3: INFORMACION DEL RUP | W3: X
A4: 2 | B4: FUNDACION ABRIENDO CAMINOS | E4: 66180179 | F4: 67620238 | G4: 27662889 | H4: 27662889 | I4: 50791060 | J4: 0 | K4: =($E4-$G4) -> 38517290 | L4: =IFERROR(((E4))/((G4)),0) -> 2.3923813 | M4: =IFERROR(((H4))/((F4)),0) -> 0.40909186 | N4: INDETERMINADO | O4: =F4-H4 -> 39957349 | P4: =IFERROR(((I4))/((O4)),0) -> 1.2711319 | Q4: =IFERROR(((I4))/((F4)),0) -> 0.75112217 | R4: HÁBIL | S4: HÁBIL | T4: HÁBIL | U4: INFORMACION DEL RUP | W4: X | X4: X | Y4: X | Z4: X
A5: 3 | K5: =($E5-$G5)+($E6-$G6) -> 0 | L5: =IFERROR(((E5)+(E6))/((G5)+(G6)),0) -> 0 | M5: =IFERROR(((H5)+(H6))/((F5)+(F6)),0) -> 0 | N5: =IFERROR(((I5)+(I6))/((J5)+(J6)),0) -> 0 | O5: =F5-H5 -> 0 | P5: =IFERROR(((I5)+(I6))/((O5)+(O6)),0) -> 0 | Q5: =IFERROR(((I5)+(I6))/((F5)+(F6)),0) -> 0 | R5: HÁBIL | S5: HÁBIL | T5: HÁBIL
A7: 4 | K7: =($E7-$G7)+($E8-$G8) -> 0 | L7: =IFERROR(((E7)+(E8))/((G7)+(G8)),0) -> 0 | M7: =IFERROR(((H7)+(H8))/((F7)+(F8)),0) -> 0 | N7: =IFERROR(((I7)+(I8))/((J7)+(J8)),0) -> 0 | O7: =F7-H7 -> 0 | P7: =IFERROR(((I7)+(I8))/((O7)+(O8)),0) -> 0 | Q7: =IFERROR(((I7)+(I8))/((F7)+(F8)),0) -> 0 | R7: HÁBIL | S7: HÁBIL | T7: HÁBIL
O8: =F8-H8 -> 0
A9: 3 | B9: FUNDACION ACCION SIN FRONTERAS | E9: 772375095 | F9: 827803445 | G9: 204114400 | H9: 285437005 | I9: 198946757 | J9: 5465800 | K9: =($E9-$G9) -> 568260695 | L9: =IFERROR(((E9))/((G9)),0) -> 3.7840304 | M9: =IFERROR(((H9))/((F9)),0) -> 0.34481254 | N9: =+I9/J9 -> 36.39847 | O9: =F9-H9 -> 542366440 | P9: =IFERROR(((I9))/((O9)),0) -> 0.36681244 | Q9: =IFERROR(((I9))/((F9)),0) -> 0.24033091 | R9: HÁBIL | S9: HÁBIL | T9: HÁBIL | U9: INFORMACION DEL RUP | W9: X | X9: X | Y9: X | Z9: X
A10: 4 | B10: TANQUE VM PRODUCCIONES SAS | E10: 933778772 | F10: 1019762694 | G10: 612414848 | H10: 654959830 | I10: 252737172 | J10: 41344082 | K10: =($E10-$G10) -> 321363924 | L10: =IFERROR(((E10))/((G10)),0) -> 1.5247487 | M10: =IFERROR(((H10))/((F10)),0) -> 0.64226691 | N10: =+I10/J10 -> 6.1130193 | O10: =F10-H10 -> 364802864 | P10: =IFERROR(((I10))/((O10)),0) -> 0.69280479 | Q10: =IFERROR(((I10))/((F10)),0) -> 0.2478392 | R10: HÁBIL | S10: HÁBIL | T10: HÁBIL | U10: INFORMACION DEL RUP | W10: X | X10: X | Y10: X | Z10: X
A11: 7 | K11: =($E11-$G11)+($E12-$G12) -> 0 | L11: =IFERROR(((E11)+(E12))/((G11)+(G12)),0) -> 0 | M11: =IFERROR(((H11)+(H12))/((F11)+(F12)),0) -> 0 | N11: =IFERROR(((I11)+(I12))/((J11)+(J12)),0) -> 0 | O11: =F11-H11 -> 0 | P11: =IFERROR(((I11)+(I12))/((O11)+(O12)),0) -> 0 | Q11: =IFERROR(((I11)+(I12))/((F11)+(F12)),0) -> 0 | R11: HÁBIL | S11: HÁBIL | T11: HÁBIL

Sheet Experiencia
A1: No. | B1: PROPONENTE | C1: NOMBRE | D1: CONTRATANTE | E1: CONTRATO No. | F1: I, C, UT | G1: % (1) | H1: INICIACIÓN (DD/MM/AA) | I1: TERMINACIÓN (DD/MM/AA) | J1: SUSPENSIÓN (MESES) | K1: PLAZO DE EJECUCIÓN (MESES) (2) | L1: VALOR TOTAL DEL CONTRATO INCLUIDAS SUS ADICIONES, AJUSTES Y EL IVA (3) | M1: VALOR TOTAL DEL CONTRATO A CONSIDERAR COMO EXPERIENCIA (4) = (3)*(1) | N1: VALOR FACTURADO ACTUALIZADO SMMLV (VFA) | O1: LONGITUD DE VÍA (KM) | P1: PORCENTAJE MÍNIMO DE EXPERIENCIA | R1: Suspensión 1 | T1: Suspensión 2 | V1: Suspensión 3 | X1: Suspensión 4 | Z1: Suspensión 5 | AB1: Suspensión 6
A2: 1 | B2: =IF($A2="","",VLOOKUP($A2,Cierre!$A:$E,2,FALSE)) -> BULLISH CONSTRUCCIONES E INGENIERÍA SAS | C2: IVAN ECHEVERRI OSORIO | D2: AMABLE SISTEMA ESTRATEGICO DE TRANSPORTE PUBLICO | E2: 003-2013 | F2: C | G2: 0.33 | H2: 41501 | I2: 41789 | J2: =AD2+AE2+AF2+AG2+AH2+AI2 -> 0 | K2: =IF(H2="",0,ROUND(((((I2-H2)+1)/360)*12)-J2,3)) -> 9.633 | L2: 4437178792 | M2: =ROUND(L2*G2,3) -> 1464269001 | N2: =IF(I2="","",ROUND(M2/VLOOKUP(YEAR(I2),#REF!,2,FALSE),3)) -> #REF! | O2: N.A | P2: =IFERROR(SUMIFS($N:$N,$A:$A,A2,$C:$C,C2)/SUMIF($A:$A,A2,$N:$N),0) -> 0 | AD2: =IF(R2="",0,ROUND((((S2-R2)+1)/30),3)) -> 0 | AE2: =IF(T2="",0,ROUND((((U2-T2)+1)/30),3)) -> 0 | AF2: =IF(V2="",0,ROUND((((W2-V2)+1)/30),3)) -> 0 | AG2: =IF(X2="",0,ROUND((((Y2-X2)+1)/30),3)) -> 0 | AH2: =IF(Z2="",0,ROUND((((AA2-Z2)+1)/30),3)) -> 0 | AI2: =IF(AB2="",0,ROUND((((AC2-AB2)+1)/30),3)) -> 0
A3: 1 | B3: =IF($A3="","",VLOOKUP($A3,Cierre!$A:$E,2,FALSE)) -> BULLISH CONSTRUCCIONES E INGENIERÍA SAS | C3: IVAN ECHEVERRI OSORIO | D3: ALCALDIA DE MANIZALES | E3: 1606100324 | F3: C | G3: 0.65 | H3: 42557 | I3: 42633 | J3: =AD3+AE3+AF3+AG3+AH3+AI3 -> 0 | K3: =IF(H3="",0,ROUND(((((I3-H3)+1)/360)*12)-J3,3)) -> 2.567 | L3: 4.4770733e+08 | M3: =ROUND(L3*G3,3) -> 2.9100976e+08 | N3: =IF(I3="","",ROUND(M3/VLOOKUP(YEAR(I3),#REF!,2,FALSE),3)) -> #REF! | O3: N.A | P3: =IFERROR(SUMIFS($N:$N,$A:$A,A3,$C:$C,C3)/SUMIF($A:$A,A3,$N:$N),0) -> 0 | AD3: =IF(R3="",0,ROUND((((S3-R3)+1)/30),3)) -> 0 | AE3: =IF(T3="",0,ROUND((((U3-T3)+1)/30),3)) -> 0 | AF3: =IF(V3="",0,ROUND((((W3-V3)+1)/30),3)) -> 0 | AG3: =IF(X3="",0,ROUND((((Y3-X3)+1)/30),3)) -> 0 | AH3: =IF(Z3="",0,ROUND((((AA3-Z3)+1)/30),3)) -> 0 | AI3: =IF(AB3="",0,ROUND((((AC3-AB3)+1)/30),3)) -> 0
A4: 1 | B4: =IF($A4="","",VLOOKUP($A4,Cierre!$A:$E,2,FALSE)) -> BULLISH CONSTRUCCIONES E INGENIERÍA SAS | C4: CRISTIAN COLLAZOS SANDOVAL | D4: ALCALDIA DE MANIZALES | E4: 1606100324 | F4: C | G4: 0.35 | H4: 42557 | I4: 42633 | J4: =AD4+AE4+AF4+AG4+AH4+AI4 -> 0 | K4: =IF(H4="",0,ROUND(((((I4-H4)+1)/360)*12)-J4,3)) -> 2.567 | L4: 4.4770733e+08 | M4: =ROUND(L4*G4,3) -> 1.5669756e+08 | N4: =IF(I4="","",ROUND(M4/VLOOKUP(YEAR(I4),#REF!,2,FALSE),3)) -> #REF! | O4: N.A | P4: =IFERROR(SUMIFS($N:$N,$A:$A,A4,$C:$C,C4)/SUMIF($A:$A,A4,$N:$N),0) -> 0 | AD4: =IF(R4="",0,ROUND((((S4-R4)+1)/30),3)) -> 0 | AE4: =IF(T4="",0,ROUND((((U4-T4)+1)/30),3)) -> 0 | AF4: =IF(V4="",0,ROUND((((W4-V4)+1)/30),3)) -> 0 | AG4: =IF(X4="",0,ROUND((((Y4-X4)+1)/30),3)) -> 0 | AH4: =IF(Z4="",0,ROUND((((AA4-Z4)+1)/30),3)) -> 0 | AI4: =IF(AB4="",0,ROUND((((AC4-AB4)+1)/30),3)) -> 0
A5: 1 | B5: =IF($A5="","",VLOOKUP($A5,Cierre!$A:$E,2,FALSE)) -> BULLISH CONSTRUCCIONES E INGENIERÍA SAS | C5: IVAN ECHEVERRI OSORIO | D5: DEPARTAMENTO DE ANTIOQUIA | E5: 4600007541 DE 2017 | F5: C | G5: 0.75 | H5: 43041 | I5: 43150 | J5: =AD5+AE5+AF5+AG5+AH5+AI5 -> 0 | K5: =IF(H5="",0,ROUND(((((I5-H5)+1)/360)*12)-J5,3)) -> 3.667 | L5: 2028287880 | M5: =ROUND(L5*G5,3) -> 1521215910 | N5: =IF(I5="","",ROUND(M5/VLOOKUP(YEAR(I5),#REF!,2,FALSE),3)) -> #REF! | O5: N.A | P5: =IFERROR(SUMIFS($N:$N,$A:$A,A5,$C:$C,C5)/SUMIF($A:$A,A5,$N:$N),0) -> 0 | AD5: =IF(R5="",0,ROUND((((S5-R5)+1)/30),3)) -> 0 | AE5: =IF(T5="",0,ROUND((((U5-T5)+1)/30),3)) -> 0 | AF5: =IF(V5="",0,ROUND((((W5-V5)+1)/30),3)) -> 0 | AG5: =IF(X5="",0,ROUND((((Y5-X5)+1)/30),3)) -> 0 | AH5: =IF(Z5="",0,ROUND((((AA5-Z5)+1)/30),3)) -> 0 | AI5: =IF(AB5="",0,ROUND((((AC5-AB5)+1)/30),3)) -> 0
B6: =IF($A6="","",VLOOKUP($A6,Cierre!$A:$E,2,FALSE)) | J6: =AD6+AE6+AF6+AG6+AH6+AI6 -> 0 | K6: =IF(H6="",0,ROUND(((((I6-H6)+1)/360)*12)-J6,3)) -> 0 | M6: =ROUND(L6*G6,3) -> 0 | P6: =IFERROR(SUMIFS($N:$N,$A:$A,A6,$C:$C,C6)/SUMIF($A:$A,A6,$N:$N),0) -> 0 | AD6: =IF(R6="",0,ROUND((((S6-R6)+1)/30),3)) -> 0 | AE6: =IF(T6="",0,ROUND((((U6-T6)+1)/30),3)) -> 0 | AF6: =IF(V6="",0,ROUND((((W6-V6)+1)/30),3)) -> 0 | AG6: =IF(X6="",0,ROUND((((Y6-X6)+1)/30),3)) -> 0 | AH6: =IF(Z6="",0,ROUND((((AA6-Z6)+1)/30),3)) -> 0 | AI6: =IF(AB6="",0,ROUND((((AC6-AB6)+1)/30),3)) -> 0
B7: =IF($A7="","",VLOOKUP($A7,Cierre!$A:$E,2,FALSE)) | J7: =AD7+AE7+AF7+AG7+AH7+AI7 -> 0 | K7: =IF(H7="",0,ROUND(((((I7-H7)+1)/360)*12)-J7,3)) -> 0 | M7: =ROUND(L7*G7,3) -> 0 | N7: =IF(I7="","",ROUND(M7/VLOOKUP(YEAR(I7),#REF!,2,FALSE),3)) | P7: =IFERROR(SUMIFS($N:$N,$A:$A,A7,$C:$C,C7)/SUMIF($A:$A,A7,$N:$N),0) -> 0 | AD7: =IF(R7="",0,ROUND((((S7-R7)+1)/30),3)) -> 0 | AE7: =IF(T7="",0,ROUND((((U7-T7)+1)/30),3)) -> 0 | AF7: =IF(V7="",0,ROUND((((W7-V7)+1)/30),3)) -> 0 | AG7: =IF(X7="",0,ROUND((((Y7-X7)+1)/30),3)) -> 0 | AH7: =IF(Z7="",0,ROUND((((AA7-Z7)+1)/30),3)) -> 0 | AI7: =IF(AB7="",0,ROUND((((AC7-AB7)+1)/30),3)) -> 0
B8: =IF($A8="","",VLOOKUP($A8,Cierre!$A:$E,2,FALSE)) | J8: =AD8+AE8+AF8+AG8+AH8+AI8 -> 0 | K8: =IF(H8="",0,ROUND(((((I8-H8)+1)/360)*12)-J8,3)) -> 0 | M8: =ROUND(L8*G8,3) -> 0 | N8: =IF(I8="","",ROUND(M8/VLOOKUP(YEAR(I8),#REF!,2,FALSE),3)) | P8: =IFERROR(SUMIFS($N:$N,$A:$A,A8,$C:$C,C8)/SUMIF($A:$A,A8,$N:$N),0) -> 0 | AD8: =IF(R8="",0,ROUND((((S8-R8)+1)/30),3)) -> 0 | AE8: =IF(T8="",0,ROUND((((U8-T8)+1)/30),3)) -> 0 | AF8: =IF(V8="",0,ROUND((((W8-V8)+1)/30),3)) -> 0 | AG8: =IF(X8="",0,ROUND((((Y8-X8)+1)/30),3)) -> 0 | AH8: =IF(Z8="",0,ROUND((((AA8-Z8)+1)/30),3)) -> 0 | AI8: =IF(AB8="",0,ROUND((((AC8-AB8)+1)/30),3)) -> 0
B9: =IF($A9="","",VLOOKUP($A9,Cierre!$A:$E,2,FALSE)) | J9: =AD9+AE9+AF9+AG9+AH9+AI9 -> 0 | K9: =IF(H9="",0,ROUND(((((I9-H9)+1)/360)*12)-J9,3)) -> 0 | M9: =ROUND(L9*G9,3) -> 0 | N9: =IF(I9="","",ROUND(M9/VLOOKUP(YEAR(I9),#REF!,2,FALSE),3)) | P9: =IFERROR(SUMIFS($N:$N,$A:$A,A9,$C:$C,C9)/SUMIF($A:$A,A9,$N:$N),0) -> 0 | AD9: =IF(R9="",0,ROUND((((S9-R9)+1)/30),3)) -> 0 | AE9: =IF(T9="",0,ROUND((((U9-T9)+1)/30),3)) -> 0 | AF9: =IF(V9="",0,ROUND((((W9-V9)+1)/30),3)) -> 0 | AG9: =IF(X9="",0,ROUND((((Y9-X9)+1)/30),3)) -> 0 | AH9: =IF(Z9="",0,ROUND((((AA9-Z9)+1)/30),3)) -> 0 | AI9: =IF(AB9="",0,ROUND((((AC9-AB9)+1)/30),3)) -> 0
B10: =IF($A10="","",VLOOKUP($A10,Cierre!$A:$E,2,FALSE)) | J10: =AD10+AE10+AF10+AG10+AH10+AI10 -> 0 | K10: =IF(H10="",0,ROUND(((((I10-H10)+1)/360)*12)-J10,3)) -> 0 | M10: =ROUND(L10*G10,3) -> 0 | N10: =IF(I10="","",ROUND(M10/VLOOKUP(YEAR(I10),#REF!,2,FALSE),3)) | P10: =IFERROR(SUMIFS($N:$N,$A:$A,A10,$C:$C,C10)/SUMIF($A:$A,A10,$N:$N),0) -> 0 | AD10: =IF(R10="",0,ROUND((((S10-R10)+1)/30),3)) -> 0 | AE10: =IF(T10="",0,ROUND((((U10-T10)+1)/30),3)) -> 0 | AF10: =IF(V10="",0,ROUND((((W10-V10)+1)/30),3)) -> 0 | AG10: =IF(X10="",0,ROUND((((Y10-X10)+1)/30),3)) -> 0 | AH10: =IF(Z10="",0,ROUND((((AA10-Z10)+1)/30),3)) -> 0 | AI10: =IF(AB10="",0,ROUND((((AC10-AB10)+1)/30),3)) -> 0
B11: =IF($A11="","",VLOOKUP($A11,Cierre!$A:$E,2,FALSE)) | J11: =AD11+AE11+AF11+AG11+AH11+AI11 -> 0 | K11: =IF(H11="",0,ROUND(((((I11-H11)+1)/360)*12)-J11,3)) -> 0 | M11: =ROUND(L11*G11,3) -> 0 | N11: =IF(I11="","",ROUND(M11/VLOOKUP(YEAR(I11),#REF!,2,FALSE),3)) | P11: =IFERROR(SUMIFS($N:$N,$A:$A,A11,$C:$C,C11)/SUMIF($A:$A,A11,$N:$N),0) -> 0 | AD11: =IF(R11="",0,ROUND((((S11-R11)+1)/30),3)) -> 0 | AE11: =IF(T11="",0,ROUND((((U11-T11)+1)/30),3)) -> 0 | AF11: =IF(V11="",0,ROUND((((W11-V11)+1)/30),3)) -> 0 | AG11: =IF(X11="",0,ROUND((((Y11-X11)+1)/30),3)) -> 0 | AH11: =IF(Z11="",0,ROUND((((AA11-Z11)+1)/30),3)) -> 0 | AI11: =IF(AB11="",0,ROUND((((AC11-AB11)+1)/30),3)) -> 0
B12: =IF($A12="","",VLOOKUP($A12,Cierre!$A:$E,2,FALSE)) | J12: =AD12+AE12+AF12+AG12+AH12+AI12 -> 0 | K12: =IF(H12="",0,ROUND(((((I12-H12)+1)/360)*12)-J12,3)) -> 0 | M12: =ROUND(L12*G12,3) -> 0 | N12: =IF(I12="","",ROUND(M12/VLOOKUP(YEAR(I12),#REF!,2,FALSE),3)) | P12: =IFERROR(SUMIFS($N:$N,$A:$A,A12,$C:$C,C12)/SUMIF($A:$A,A12,$N:$N),0) -> 0 | AD12: =IF(R12="",0,ROUND((((S12-R12)+1)/30),3)) -> 0 | AE12: =IF(T12="",0,ROUND((((U12-T12)+1)/30),3)) -> 0 | AF12: =IF(V12="",0,ROUND((((W12-V12)+1)/30),3)) -> 0 | AG12: =IF(X12="",0,ROUND((((Y12-X12)+1)/30),3)) -> 0 | AH12: =IF(Z12="",0,ROUND((((AA12-Z12)+1)/30),3)) -> 0 | AI12: =IF(AB12="",0,ROUND((((AC12-AB12)+1)/30),3)) -> 0
B13: =IF($A13="","",VLOOKUP($A13,Cierre!$A:$E,2,FALSE)) | J13: =AD13+AE13+AF13+AG13+AH13+AI13 -> 0 | K13: =IF(H13="",0,ROUND(((((I13-H13)+1)/360)*12)-J13,3)) -> 0 | M13: =ROUND(L13*G13,3) -> 0 | N13: =IF(I13="","",ROUND(M13/VLOOKUP(YEAR(I13),#REF!,2,FALSE),3)) | P13: =IFERROR(SUMIFS($N:$N,$A:$A,A13,$C:$C,C13)/SUMIF($A:$A,A13,$N:$N),0) -> 0 | AD13: =IF(R13="",0,ROUND((((S13-R13)+1)/30),3)) -> 0 | AE13: =IF(T13="",0,ROUND((((U13-T13)+1)/30),3)) -> 0 | AF13: =IF(V13="",0,ROUND((((W13-V13)+1)/30),3)) -> 0 | AG13: =IF(X13="",0,ROUND((((Y13-X13)+1)/30),3)) -> 0 | AH13: =IF(Z13="",0,ROUND((((AA13-Z13)+1)/30),3)) -> 0 | AI13: =IF(AB13="",0,ROUND((((AC13-AB13)+1)/30),3)) -> 0
B14: =IF($A14="","",VLOOKUP($A14,Cierre!$A:$E,2,FALSE)) | J14: =AD14+AE14+AF14+AG14+AH14+AI14 -> 0 | K14: =IF(H14="",0,ROUND(((((I14-H14)+1)/360)*12)-J14,3)) -> 0 | M14: =ROUND(L14*G14,3) -> 0 | N14: =IF(I14="","",ROUND(M14/VLOOKUP(YEAR(I14),#REF!,2,FALSE),3)) | P14: =IFERROR(SUMIFS($N:$N,$A:$A,A14,$C:$C,C14)/SUMIF($A:$A,A14,$N:$N),0) -> 0 | AD14: =IF(R14="",0,ROUND((((S14-R14)+1)/30),3)) -> 0 | AE14: =IF(T14="",0,ROUND((((U14-T14)+1)/30),3)) -> 0 | AF14: =IF(V14="",0,ROUND((((W14-V14)+1)/30),3)) -> 0 | AG14: =IF(X14="",0,ROUND((((Y14-X14)+1)/30),3)) -> 0 | AH14: =IF(Z14="",0,ROUND((((AA14-Z14)+1)/30),3)) -> 0 | AI14: =IF(AB14="",0,ROUND((((AC14-AB14)+1)/30),3)) -> 0
B15: =IF($A15="","",VLOOKUP($A15,Cierre!$A:$E,2,FALSE)) | J15: =AD15+AE15+AF15+AG15+AH15+AI15 -> 0 | K15: =IF(H15="",0,ROUND(((((I15-H15)+1)/360)*12)-J15,3)) -> 0 | M15: =ROUND(L15*G15,3) -> 0 | N15: =IF(I15="","",ROUND(M15/VLOOKUP(YEAR(I15),#REF!,2,FALSE),3)) | P15: =IFERROR(SUMIFS($N:$N,$A:$A,A15,$C:$C,C15)/SUMIF($A:$A,A15,$N:$N),0) -> 0 | AD15: =IF(R15="",0,ROUND((((S15-R15)+1)/30),3)) -> 0 | AE15: =IF(T15="",0,ROUND((((U15-T15)+1)/30),3)) -> 0 | AF15: =IF(V15="",0,ROUND((((W15-V15)+1)/30),3)) -> 0 | AG15: =IF(X15="",0,ROUND((((Y15-X15)+1)/30),3)) -> 0 | AH15: =IF(Z15="",0,ROUND((((AA15-Z15)+1)/30),3)) -> 0 | AI15: =IF(AB15="",0,ROUND((((AC15-AB15)+1)/30),3)) -> 0
B16: =IF($A16="","",VLOOKUP($A16,Cierre!$A:$E,2,FALSE)) | J16: =AD16+AE16+AF16+AG16+AH16+AI16 -> 0 | K16: =IF(H16="",0,ROUND(((((I16-H16)+1)/360)*12)-J16,3)) -> 0 | M16: =ROUND(L16*G16,3) -> 0 | N16: =IF(I16="","",ROUND(M16/VLOOKUP(YEAR(I16),#REF!,2,FALSE),3)) | P16: =IFERROR(SUMIFS($N:$N,$A:$A,A16,$C:$C,C16)/SUMIF($A:$A,A16,$N:$N),0) -> 0 | AD16: =IF(R16="",0,ROUND((((S16-R16)+1)/30),3)) -> 0 | AE16: =IF(T16="",0,ROUND((((U16-T16)+1)/30),3)) -> 0 | AF16: =IF(V16="",0,ROUND((((W16-V16)+1)/30),3)) -> 0 | AG16: =IF(X16="",0,ROUND((((Y16-X16)+1)/30),3)) -> 0 | AH16: =IF(Z16="",0,ROUND((((AA16-Z16)+1)/30),3)) -> 0 | AI16: =IF(AB16="",0,ROUND((((AC16-AB16)+1)/30),3)) -> 0
B17: =IF($A17="","",VLOOKUP($A17,Cierre!$A:$E,2,FALSE)) | J17: =AD17+AE17+AF17+AG17+AH17+AI17 -> 0 | K17: =IF(H17="",0,ROUND(((((I17-H17)+1)/360)*12)-J17,3)) -> 0 | M17: =ROUND(L17*G17,3) -> 0 | N17: =IF(I17="","",ROUND(M17/VLOOKUP(YEAR(I17),#REF!,2,FALSE),3)) | P17: =IFERROR(SUMIFS($N:$N,$A:$A,A17,$C:$C,C17)/SUMIF($A:$A,A17,$N:$N),0) -> 0 | AD17: =IF(R17="",0,ROUND((((S17-R17)+1)/30),3)) -> 0 | AE17: =IF(T17="",0,ROUND((((U17-T17)+1)/30),3)) -> 0 | AF17: =IF(V17="",0,ROUND((((W17-V17)+1)/30),3)) -> 0 | AG17: =IF(X17="",0,ROUND((((Y17-X17)+1)/30),3)) -> 0 | AH17: =IF(Z17="",0,ROUND((((AA17-Z17)+1)/30),3)) -> 0 | AI17: =IF(AB17="",0,ROUND((((AC17-AB17)+1)/30),3)) -> 0
B18: =IF($A18="","",VLOOKUP($A18,Cierre!$A:$E,2,FALSE)) | J18: =AD18+AE18+AF18+AG18+AH18+AI18 -> 0 | K18: =IF(H18="",0,ROUND(((((I18-H18)+1)/360)*12)-J18,3)) -> 0 | M18: =ROUND(L18*G18,3) -> 0 | N18: =IF(I18="","",ROUND(M18/VLOOKUP(YEAR(I18),#REF!,2,FALSE),3)) | P18: =IFERROR(SUMIFS($N:$N,$A:$A,A18,$C:$C,C18)/SUMIF($A:$A,A18,$N:$N),0) -> 0 | AD18: =IF(R18="",0,ROUND((((S18-R18)+1)/30),3)) -> 0 | AE18: =IF(T18="",0,ROUND((((U18-T18)+1)/30),3)) -> 0 | AF18: =IF(V18="",0,ROUND((((W18-V18)+1)/30),3)) -> 0 | AG18: =IF(X18="",0,ROUND((((Y18-X18)+1)/30),3)) -> 0 | AH18: =IF(Z18="",0,ROUND((((AA18-Z18)+1)/30),3)) -> 0 | AI18: =IF(AB18="",0,ROUND((((AC18-AB18)+1)/30),3)) -> 0
... B350: =IF($A350="","",VLOOKUP($A350,Cierre!$A:$E,2,FALSE)) | J350: =AD350+AE350+AF350+AG350+AH350+AI350 -> 0 | K350: =IF(H350="",0,ROUND(((((I350-H350)+1)/360)*12)-J350,3)) -> 0 | M350: =ROUND(L350*G350,3) -> 0 | N350: =IF(I350="","",ROUND(M350/VLOOKUP(YEAR(I350),#REF!,2,FALSE),3)) | P350: =IFERROR(SUMIFS($N:$N,$A:$A,A350,$C:$C,C350)/SUMIF($A:$A,A350,$N:$N),0) -> 0 | AD350: =IF(R350="",0,ROUND((((S350-R350)+1)/30),3)) -> 0 | AE350: =IF(T350="",0,ROUND((((U350-T350)+1)/30),3)) -> 0 | AF350: =IF(V350="",0,ROUND((((W350-V350)+1)/30),3)) -> 0 | AG350: =IF(X350="",0,ROUND((((Y350-X350)+1)/30),3)) -> 0 | AH350: =IF(Z350="",0,ROUND((((AA350-Z350)+1)/30),3)) -> 0 | AI350: =IF(AB350="",0,ROUND((((AC350-AB350)+1)/30),3)) -> 0

Sheet Resumen Calificación
A1: No. | B1: Proponente | C1: CALIFICACIÓN JURIDICA | D1: CALIFICACIÓN FINANCIERA | E1: CALIFICACIÓN ORGANIZACIONAL | F1: CAPACIDAD RESIDUAL DE CONTRATACIÓN | G1: CALIFICACIÓN TÉCNICA | H1: FACTORES DE COMPARACIÓN DE LAS PROPUESTAS | L1: OBSERVACIONES
H2: Promoción a la industria nacional (10%) | I2: Factor de Calidad (19%) | J2: Acreditación personal en condición de discapacidad (1%) | K2: Acreditación MIPYMES
A3: 1 | B3: =VLOOKUP($A3,Cierre!$A:$E,2,FALSE) -> BULLISH CONSTRUCCIONES E INGENIERÍA SAS | C3: =VLOOKUP($A3,'Capacidad Juridica'!$A:$AR,43,FALSE) | D3: =VLOOKUP($A3,'Capacidad Financiera CONTRATO '!$A:$U,18,FALSE) -> HÁBIL | E3: =VLOOKUP($A3,'Capacidad Financiera CONTRATO '!$A:$U,19,FALSE) -> HÁBIL | F3: =VLOOKUP($A3,'Capacidad Financiera CONTRATO '!$A:$U,20,FALSE) -> HÁBIL | G3: =IF(COUNTIF(Experiencia!$N:$N,A3)<2,IF(SUMIF(Experiencia!$A:$A,A3,Experiencia!$N:$N)>'Información'!$B$20*0.75,"HÁBIL","NO HÁBIL"),IF(OR(COUNTIF(Experiencia!$N:$N,A3)=3,COUNTIF(Experiencia!$N:$N,A3)=4)=TRUE,IF(SUMIF(Experiencia!$A:$A,A3,Experiencia!$N:$N)>'Información'!$B$20*1.2,"HÁBIL","NO HÁBIL"),IF(SUMIF(Experiencia!$A:$A,A3,Experiencia!$N:$N)>'Información'!$B$20*1.5,"HÁBIL","NO HÁBIL"))) -> #REF! | I3: 0.19 | J3: 0.01
A4: 2 | B4: =VLOOKUP($A4,Cierre!$A:$E,2,FALSE) -> UNIÓN TEMPORAL MANIZALES 2021 | C4: =VLOOKUP($A4,'Capacidad Juridica'!$A:$AR,43,FALSE) | D4: =VLOOKUP($A4,'Capacidad Financiera CONTRATO '!$A:$U,18,FALSE) -> HÁBIL | E4: =VLOOKUP($A4,'Capacidad Financiera CONTRATO '!$A:$U,19,FALSE) -> HÁBIL | F4: =VLOOKUP($A4,'Capacidad Financiera CONTRATO '!$A:$U,20,FALSE) -> HÁBIL | G4: =IF(COUNTIF(Experiencia!$N:$N,A4)<2,IF(SUMIF(Experiencia!$A:$A,A4,Experiencia!$N:$N)>'Información'!$B$20*0.75,"HÁBIL","NO HÁBIL"),IF(OR(COUNTIF(Experiencia!$N:$N,A4)=3,COUNTIF(Experiencia!$N:$N,A4)=4)=TRUE,IF(SUMIF(Experiencia!$A:$A,A4,Experiencia!$N:$N)>'Información'!$B$20*1.2,"HÁBIL","NO HÁBIL"),IF(SUMIF(Experiencia!$A:$A,A4,Experiencia!$N:$N)>'Información'!$B$20*1.5,"HÁBIL","NO HÁBIL"))) -> NO HÁBIL
A5: 3 | B5: =VLOOKUP($A5,Cierre!$A:$E,2,FALSE) -> CONSORCIO IP MANIZALES | C5: =VLOOKUP($A5,'Capacidad Juridica'!$A:$AR,43,FALSE) | D5: =VLOOKUP($A5,'Capacidad Financiera CONTRATO '!$A:$U,18,FALSE) -> HÁBIL | E5: =VLOOKUP($A5,'Capacidad Financiera CONTRATO '!$A:$U,19,FALSE) -> HÁBIL | F5: =VLOOKUP($A5,'Capacidad Financiera CONTRATO '!$A:$U,20,FALSE) -> HÁBIL | G5: =IF(COUNTIF(Experiencia!$N:$N,A5)<2,IF(SUMIF(Experiencia!$A:$A,A5,Experiencia!$N:$N)>'Información'!$B$20*0.75,"HÁBIL","NO HÁBIL"),IF(OR(COUNTIF(Experiencia!$N:$N,A5)=3,COUNTIF(Experiencia!$N:$N,A5)=4)=TRUE,IF(SUMIF(Experiencia!$A:$A,A5,Experiencia!$N:$N)>'Información'!$B$20*1.2,"HÁBIL","NO HÁBIL"),IF(SUMIF(Experiencia!$A:$A,A5,Experiencia!$N:$N)>'Información'!$B$20*1.5,"HÁBIL","NO HÁBIL"))) -> NO HÁBIL
A6: 4 | B6: =VLOOKUP($A6,Cierre!$A:$E,2,FALSE) -> UT MANIZALES 2021 | C6: =VLOOKUP($A6,'Capacidad Juridica'!$A:$AR,43,FALSE) | D6: =VLOOKUP($A6,'Capacidad Financiera CONTRATO '!$A:$U,18,FALSE) -> HÁBIL | E6: =VLOOKUP($A6,'Capacidad Financiera CONTRATO '!$A:$U,19,FALSE) -> HÁBIL | F6: =VLOOKUP($A6,'Capacidad Financiera CONTRATO '!$A:$U,20,FALSE) -> HÁBIL | G6: =IF(COUNTIF(Experiencia!$N:$N,A6)<2,IF(SUMIF(Experiencia!$A:$A,A6,Experiencia!$N:$N)>'Información'!$B$20*0.75,"HÁBIL","NO HÁBIL"),IF(OR(COUNTIF(Experiencia!$N:$N,A6)=3,COUNTIF(Experiencia!$N:$N,A6)=4)=TRUE,IF(SUMIF(Experiencia!$A:$A,A6,Experiencia!$N:$N)>'Información'!$B$20*1.2,"HÁBIL","NO HÁBIL"),IF(SUMIF(Experiencia!$A:$A,A6,Experiencia!$N:$N)>'Información'!$B$20*1.5,"HÁBIL","NO HÁBIL"))) -> NO HÁBIL
A7: 5 | B7: =VLOOKUP($A7,Cierre!$A:$E,2,FALSE) -> INGENIERIA VOLQUETAS Y CONSTRUCCIONES - INGEVOLCO SAS | C7: =VLOOKUP($A7,'Capacidad Juridica'!$A:$AR,43,FALSE) | D7: =VLOOKUP($A7,'Capacidad Financiera CONTRATO '!$A:$U,18,FALSE) -> #N/A | E7: =VLOOKUP($A7,'Capacidad Financiera CONTRATO '!$A:$U,19,FALSE) -> #N/A | F7: =VLOOKUP($A7,'Capacidad Financiera CONTRATO '!$A:$U,20,FALSE) -> #N/A | G7: =IF(COUNTIF(Experiencia!$N:$N,A7)<2,IF(SUMIF(Experiencia!$A:$A,A7,Experiencia!$N:$N)>'Información'!$B$20*0.75,"HÁBIL","NO HÁBIL"),IF(OR(COUNTIF(Experiencia!$N:$N,A7)=3,COUNTIF(Experiencia!$N:$N,A7)=4)=TRUE,IF(SUMIF(Experiencia!$A:$A,A7,Experiencia!$N:$N)>'Información'!$B$20*1.2,"HÁBIL","NO HÁBIL"),IF(SUMIF(Experiencia!$A:$A,A7,Experiencia!$N:$N)>'Información'!$B$20*1.5,"HÁBIL","NO HÁBIL"))) -> NO HÁBIL
A8: 6 | B8: =VLOOKUP($A8,Cierre!$A:$E,2,FALSE) -> CESAR AUGUSTO GIRALDO ATEHORTUA | C8: =VLOOKUP($A8,'Capacidad Juridica'!$A:$AR,43,FALSE) | D8: =VLOOKUP($A8,'Capacidad Financiera CONTRATO '!$A:$U,18,FALSE) -> #N/A | E8: =VLOOKUP($A8,'Capacidad Financiera CONTRATO '!$A:$U,19,FALSE) -> #N/A | F8: =VLOOKUP($A8,'Capacidad Financiera CONTRATO '!$A:$U,20,FALSE) -> #N/A | G8: =IF(COUNTIF(Experiencia!$N:$N,A8)<2,IF(SUMIF(Experiencia!$A:$A,A8,Experiencia!$N:$N)>'Información'!$B$20*0.75,"HÁBIL","NO HÁBIL"),IF(OR(COUNTIF(Experiencia!$N:$N,A8)=3,COUNTIF(Experiencia!$N:$N,A8)=4)=TRUE,IF(SUMIF(Experiencia!$A:$A,A8,Experiencia!$N:$N)>'Información'!$B$20*1.2,"HÁBIL","NO HÁBIL"),IF(SUMIF(Experiencia!$A:$A,A8,Experiencia!$N:$N)>'Información'!$B$20*1.5,"HÁBIL","NO HÁBIL"))) -> NO HÁBIL
A9: 7 | B9: =VLOOKUP($A9,Cierre!$A:$E,2,FALSE) -> CONSORCIO LM MANIZALES | C9: =VLOOKUP($A9,'Capacidad Juridica'!$A:$AR,43,FALSE) | D9: =VLOOKUP($A9,'Capacidad Financiera CONTRATO '!$A:$U,18,FALSE) -> HÁBIL | E9: =VLOOKUP($A9,'Capacidad Financiera CONTRATO '!$A:$U,19,FALSE) -> HÁBIL | F9: =VLOOKUP($A9,'Capacidad Financiera CONTRATO '!$A:$U,20,FALSE) -> HÁBIL | G9: =IF(COUNTIF(Experiencia!$N:$N,A9)<2,IF(SUMIF(Experiencia!$A:$A,A9,Experiencia!$N:$N)>'Información'!$B$20*0.75,"HÁBIL","NO HÁBIL"),IF(OR(COUNTIF(Experiencia!$N:$N,A9)=3,COUNTIF(Experiencia!$N:$N,A9)=4)=TRUE,IF(SUMIF(Experiencia!$A:$A,A9,Experiencia!$N:$N)>'Información'!$B$20*1.2,"HÁBIL","NO HÁBIL"),IF(SUMIF(Experiencia!$A:$A,A9,Experiencia!$N:$N)>'Información'!$B$20*1.5,"HÁBIL","NO HÁBIL"))) -> NO HÁBIL
A10: 8 | B10: =VLOOKUP($A10,Cierre!$A:$E,2,FALSE) -> SYC – S.A.S. | C10: =VLOOKUP($A10,'Capacidad Juridica'!$A:$AR,43,FALSE) | D10: =VLOOKUP($A10,'Capacidad Financiera CONTRATO '!$A:$U,18,FALSE) -> #N/A | E10: =VLOOKUP($A10,'Capacidad Financiera CONTRATO '!$A:$U,19,FALSE) -> #N/A | F10: =VLOOKUP($A10,'Capacidad Financiera CONTRATO '!$A:$U,20,FALSE) -> #N/A | G10: =IF(COUNTIF(Experiencia!$N:$N,A10)<2,IF(SUMIF(Experiencia!$A:$A,A10,Experiencia!$N:$N)>'Información'!$B$20*0.75,"HÁBIL","NO HÁBIL"),IF(OR(COUNTIF(Experiencia!$N:$N,A10)=3,COUNTIF(Experiencia!$N:$N,A10)=4)=TRUE,IF(SUMIF(Experiencia!$A:$A,A10,Experiencia!$N:$N)>'Información'!$B$20*1.2,"HÁBIL","NO HÁBIL"),IF(SUMIF(Experiencia!$A:$A,A10,Experiencia!$N:$N)>'Información'!$B$20*1.5,"HÁBIL","NO HÁBIL"))) -> NO HÁBIL
A11: 9 | B11: =VLOOKUP($A11,Cierre!$A:$E,2,FALSE) -> CONCRE ACERO SAS | C11: =VLOOKUP($A11,'Capacidad Juridica'!$A:$AR,43,FALSE) | D11: =VLOOKUP($A11,'Capacidad Financiera CONTRATO '!$A:$U,18,FALSE) -> #N/A | E11: =VLOOKUP($A11,'Capacidad Financiera CONTRATO '!$A:$U,19,FALSE) -> #N/A | F11: =VLOOKUP($A11,'Capacidad Financiera CONTRATO '!$A:$U,20,FALSE) -> #N/A | G11: =IF(COUNTIF(Experiencia!$N:$N,A11)<2,IF(SUMIF(Experiencia!$A:$A,A11,Experiencia!$N:$N)>'Información'!$B$20*0.75,"HÁBIL","NO HÁBIL"),IF(OR(COUNTIF(Experiencia!$N:$N,A11)=3,COUNTIF(Experiencia!$N:$N,A11)=4)=TRUE,IF(SUMIF(Experiencia!$A:$A,A11,Experiencia!$N:$N)>'Información'!$B$20*1.2,"HÁBIL","NO HÁBIL"),IF(SUMIF(Experiencia!$A:$A,A11,Experiencia!$N:$N)>'Información'!$B$20*1.5,"HÁBIL","NO HÁBIL"))) -> NO HÁBIL
A12: 10 | B12: =VLOOKUP($A12,Cierre!$A:$E,2,FALSE) -> JAIME ALBERTO OSORIO | C12: =VLOOKUP($A12,'Capacidad Juridica'!$A:$AR,43,FALSE) | D12: =VLOOKUP($A12,'Capacidad Financiera CONTRATO '!$A:$U,18,FALSE) -> #N/A | E12: =VLOOKUP($A12,'Capacidad Financiera CONTRATO '!$A:$U,19,FALSE) -> #N/A | F12: =VLOOKUP($A12,'Capacidad Financiera CONTRATO '!$A:$U,20,FALSE) -> #N/A | G12: =IF(COUNTIF(Experiencia!$N:$N,A12)<2,IF(SUMIF(Experiencia!$A:$A,A12,Experiencia!$N:$N)>'Información'!$B$20*0.75,"HÁBIL","NO HÁBIL"),IF(OR(COUNTIF(Experiencia!$N:$N,A12)=3,COUNTIF(Experiencia!$N:$N,A12)=4)=TRUE,IF(SUMIF(Experiencia!$A:$A,A12,Experiencia!$N:$N)>'Información'!$B$20*1.2,"HÁBIL","NO HÁBIL"),IF(SUMIF(Experiencia!$A:$A,A12,Experiencia!$N:$N)>'Información'!$B$20*1.5,"HÁBIL","NO HÁBIL"))) -> NO HÁBIL
A13: 11 | B13: =VLOOKUP($A13,Cierre!$A:$E,2,FALSE) -> SOCOCIL S.A.S. | C13: =VLOOKUP($A13,'Capacidad Juridica'!$A:$AR,43,FALSE) | D13: =VLOOKUP($A13,'Capacidad Financiera CONTRATO '!$A:$U,18,FALSE) -> #N/A | E13: =VLOOKUP($A13,'Capacidad Financiera CONTRATO '!$A:$U,19,FALSE) -> #N/A | F13: =VLOOKUP($A13,'Capacidad Financiera CONTRATO '!$A:$U,20,FALSE) -> #N/A | G13: =IF(COUNTIF(Experiencia!$N:$N,A13)<2,IF(SUMIF(Experiencia!$A:$A,A13,Experiencia!$N:$N)>'Información'!$B$20*0.75,"HÁBIL","NO HÁBIL"),IF(OR(COUNTIF(Experiencia!$N:$N,A13)=3,COUNTIF(Experiencia!$N:$N,A13)=4)=TRUE,IF(SUMIF(Experiencia!$A:$A,A13,Experiencia!$N:$N)>'Información'!$B$20*1.2,"HÁBIL","NO HÁBIL"),IF(SUMIF(Experiencia!$A:$A,A13,Experiencia!$N:$N)>'Información'!$B$20*1.5,"HÁBIL","NO HÁBIL"))) -> NO HÁBIL
A14: 12 | B14: =VLOOKUP($A14,Cierre!$A:$E,2,FALSE) -> MONTAJES DE MARCA S.A. | C14: =VLOOKUP($A14,'Capacidad Juridica'!$A:$AR,43,FALSE) | D14: =VLOOKUP($A14,'Capacidad Financiera CONTRATO '!$A:$U,18,FALSE) -> #N/A | E14: =VLOOKUP($A14,'Capacidad Financiera CONTRATO '!$A:$U,19,FALSE) -> #N/A | F14: =VLOOKUP($A14,'Capacidad Financiera CONTRATO '!$A:$U,20,FALSE) -> #N/A | G14: =IF(COUNTIF(Experiencia!$N:$N,A14)<2,IF(SUMIF(Experiencia!$A:$A,A14,Experiencia!$N:$N)>'Información'!$B$20*0.75,"HÁBIL","NO HÁBIL"),IF(OR(COUNTIF(Experiencia!$N:$N,A14)=3,COUNTIF(Experiencia!$N:$N,A14)=4)=TRUE,IF(SUMIF(Experiencia!$A:$A,A14,Experiencia!$N:$N)>'Información'!$B$20*1.2,"HÁBIL","NO HÁBIL"),IF(SUMIF(Experiencia!$A:$A,A14,Experiencia!$N:$N)>'Información'!$B$20*1.5,"HÁBIL","NO HÁBIL"))) -> NO HÁBIL
A15: 13 | B15: =VLOOKUP($A15,Cierre!$A:$E,2,FALSE) -> CONSORCIO ARES | C15: =VLOOKUP($A15,'Capacidad Juridica'!$A:$AR,43,FALSE) | D15: =VLOOKUP($A15,'Capacidad Financiera CONTRATO '!$A:$U,18,FALSE) -> #N/A | E15: =VLOOKUP($A15,'Capacidad Financiera CONTRATO '!$A:$U,19,FALSE) -> #N/A | F15: =VLOOKUP($A15,'Capacidad Financiera CONTRATO '!$A:$U,20,FALSE) -> #N/A | G15: =IF(COUNTIF(Experiencia!$N:$N,A15)<2,IF(SUMIF(Experiencia!$A:$A,A15,Experiencia!$N:$N)>'Información'!$B$20*0.75,"HÁBIL","NO HÁBIL"),IF(OR(COUNTIF(Experiencia!$N:$N,A15)=3,COUNTIF(Experiencia!$N:$N,A15)=4)=TRUE,IF(SUMIF(Experiencia!$A:$A,A15,Experiencia!$N:$N)>'Información'!$B$20*1.2,"HÁBIL","NO HÁBIL"),IF(SUMIF(Experiencia!$A:$A,A15,Experiencia!$N:$N)>'Información'!$B$20*1.5,"HÁBIL","NO HÁBIL"))) -> NO HÁBIL
... A182: 180 | B182: =VLOOKUP($A182,Cierre!$A:$E,2,FALSE) -> #N/A | C182: =VLOOKUP($A182,'Capacidad Juridica'!$A:$AR,43,FALSE) | D182: =VLOOKUP($A182,'Capacidad Financiera CONTRATO '!$A:$U,18,FALSE) -> #N/A | E182: =VLOOKUP($A182,'Capacidad Financiera CONTRATO '!$A:$U,19,FALSE) -> #N/A | F182: =VLOOKUP($A182,'Capacidad Financiera CONTRATO '!$A:$U,20,FALSE) -> #N/A | G182: =IF(COUNTIF(Experiencia!$N:$N,A182)<2,IF(SUMIF(Experiencia!$A:$A,A182,Experiencia!$N:$N)>'Información'!$B$20*0.75,"HÁBIL","NO HÁBIL"),IF(OR(COUNTIF(Experiencia!$N:$N,A182)=3,COUNTIF(Experiencia!$N:$N,A182)=4)=TRUE,IF(SUMIF(Experiencia!$A:$A,A182,Experiencia!$N:$N)>'Información'!$B$20*1.2,"HÁBIL","NO HÁBIL"),IF(SUMIF(Experiencia!$A:$A,A182,Experiencia!$N:$N)>'Información'!$B$20*1.5,"HÁBIL","NO HÁBIL"))) -> NO HÁBIL

Sheet LPNo 1
A1: ANEXO - EVALUACION FINANCIERA
A2: No. | B2: PROPONENTE | C2: CAPACIDAD FINANCIERA | D2: CAPACIDAD ORGANIZACIONAL | E2: CAPACIDAD RESIDUAL DE CONTRATACIÓN | F2: OBSERVACIONES
A3: =+'Capacidad Financiera CONTRATO '!A4 -> 2 | B3: =+'Capacidad Financiera CONTRATO '!B4 -> FUNDACION ABRIENDO CAMINOS | C3: CUMPLE | D3: CUMPLE | E3: NO CUMPLE | F3: Subsanar ya que en el formato 5 no indicó la fecha de suspensión de los contatos suspendidos
A5: {=+'Capacidad Financiera CONTRATO '!A5:A6} -> 3 | B5: {=+'Capacidad Financiera CONTRATO '!B5:B6} | C5: CUMPLE | D5: CUMPLE | E5: CUMPLE | F5: Mario Alberto giraldo debe subsanar el dictamen y la firma del contador externo y la tarjeta profesional y el certificado de la junta central de contadores de acuerdo con los pliegos A. Capacidad de organización (CO): Numeral I y II: Estado de resultados integral (estado de resultado o pérdida o ganancias) del año en que hayan obtenido el mayor ingreso operacional en los últimos cinco (5) años, debidamente firmado por el representante legal y el contador bajo cuya responsabilidad se han preparado y, por el revisor fiscal o, en caso de no haberlo, por no estar obligado a tenerlo, por contador público independiente, acompañados de su dictamen u opinión, de conformidad con el artículo 38 de la Ley 222 de 1995. II. Copia de la tarjeta profesional y certificado de antecedentes disciplinarios vigentes de los contadores públicos, revisores fiscales, contadores independientes (externos), quienes suscribieron los documentos señalados en el presente literal.
